 Dungeon Crawl Stone Soup version 0.18.1-48-g4cf74bf (webtiles) character file.

76 Gargoyl the Skirmisher (level 4, 0/37 HPs)
             Began as a Demonspawn Abyssal Knight on Aug 4, 2016.
             Was a Believer of Lugonu.
             Killed from afar by a dart slug (4 damage)
             ... with a slug dart
             ... on level 2 of the Dungeon.
             The game lasted 00:03:12 (1447 turns).

Gargoyl the Skirmisher (Demonspawn Abyssal Knight)  Turns: 1447, Time: 00:03:13

Health: 0/37       AC:  5    Str: 13    XL:     4   Next: 12%
Magic:  6/6        EV: 10    Int: 17    God:    Lugonu [**....]
Gold:   100        SH:  0    Dex: 13    Spells: 0 memorised, 3 levels left

rFire  . . .     SeeInvis .     a - +1 hand axe
rCold  . . .     Gourm    .     j - +0 ring mail (curse)
rNeg   . . .     Faith    .     (no shield)
rPois  .         Spirit   .     (no helmet)
rElec  .         Dismiss  .     (no cloak)
rCorr  .         Reflect  .     (no gloves)
SustAt .         Harm     .     (no boots)
MR     .....                    (no amulet)
Stlth  +.........               (no ring)
                                d - +4 ring of intelligence

@: not resistant to hostile enchantments, very unstealthy
A: powered by pain 1, spiny 1
a: Depart the Abyss, Bend Space, Renounce Religion


You were on level 2 of the Dungeon.
You worshipped Lugonu.
Lugonu was pleased with you.
You were not hungry.

You visited 1 branch of the dungeon, and saw 2 of its levels.
You visited the Abyss 1 time.

You collected 100 gold pieces.

Inventory:

Hand Weapons
 a - a +1 hand axe (weapon)
Armour
 i - a +0 scale mail
 j - a cursed +0 ring mail (worn)
Jewellery
 d - a +4 ring of intelligence (left hand)
Potions
 e - a potion of curing
 g - a potion of degeneration {unknown}
 l - a potion of brilliance {unknown}
Comestibles
 b - a beef jerky
 c - 2 bread rations
 f - a fruit
 h - 2 meat rations
 k - a slice of pizza


   Skills:
 + Level 3.9 Fighting
 + Level 2.1 Axes
 + Level 2.5 Armour
 + Level 1.3 Dodging
 + Level 2.8 Invocations


You had 3 spell levels left.
You didn't know any spells.

Dungeon Overview and Level Annotations

Branches:
Dungeon (2/15)

Altars:
Nemelex Xobeh


Innate Abilities, Weirdness & Mutations

You sometimes gain a little power by taking damage.
You are partially covered in sharp spines.


Message History

Lugonu accepts your kill. The gnoll hits you with a whip.
The gnoll hits you from afar with a halberd!
You closely miss the gnoll. You hit the rat but do no damage.
The gnoll is struck by your spines. The gnoll hits you with a whip!
The gnoll hits you from afar with a halberd.
The rat bites you but does no damage.
You hit the gnoll.
The gnoll is moderately wounded.
You hit the rat.
You kill the rat!
Lugonu accepts your kill. The gnoll misses you.
The gnoll hits you from afar with a halberd!
* * * LOW HITPOINT WARNING * * *
The gnoll hits you but does no damage. x2
A worm comes into view.
The dart slug launches a dart at you. The slug dart hits you!
You die...

..................##..##.†..#***,
###8##...##8###8#####.##.#...# *,
# ####...#### ### #..wg##..##*,
#8...8# ##g.###*#...,,
##...###########.w.# *....*
####...##..........#.#* *#.##*
###.##...##..........#..# #.#
....#8...8#.......g..##.# #.#
....##...##.....@....#*.## #.#
#...##...##..<.......#*..# #.#
#...##.####..........#*#.# #.#
.........##..........# #.# #.#
.#######.>...........# #.# #.# #*
####...)......# #.## #.#
#..........# #.<# #.##
##...##.....####.# #..##
#8...8#####......###....


You could see a worm, 2 gnolls and a dart slug.

Vanquished Creatures
  A gnoll (D:1)
  An adder (D:2)
  3 oozes
  4 giant geckos
  2 ball pythons
  4 bats
  6 hobgoblins
  5 kobolds (D:1)
  2 giant newts (D:2)
  4 goblins
  12 rats
44 creatures vanquished.

Notes
Turn   | Place    | Note
--------------------------------------------------------------
     0 | Abyss:1  | Gargoyl the Demonspawn Abyssal Knight began the quest for the Orb.
     0 | Abyss:1  | Reached XP level 1. HP: 18/18 MP: 2/2
    82 | Abyss:2  | Noticed a raiju
   101 | Abyss:2  | Noticed a fire bat
   102 | D:1      | Escaped the Abyss
   213 | D:1      | Gained mutation: You are partially covered in sharp spines. [demonic ancestry]
   213 | D:1      | Reached XP level 2. HP: 21/24 MP: 3/3
   304 | D:1      | Reached * piety under Lugonu
   836 | D:1      | Reached skill level 1 in Dodging
   884 | D:1      | Reached XP level 3. HP: 21/29 MP: 5/5
  1316 | D:2      | Found a sparkling altar of Nemelex Xobeh.
  1357 | D:2      | Gained mutation: You sometimes gain a little power by taking damage. [demonic ancestry]
  1357 | D:2      | Reached XP level 4. HP: 34/37 MP: 6/6
  1391 | D:2      | Reached ** piety under Lugonu
  1447 | D:2      | Killed from afar by a dart slug

Skill      XL: |  1  2 |
---------------+-------+-----
Armour         | 2 |  2.5
Axes           | 2 |  2.1
Dodging        | 1 |  1.3
Fighting       | |  3.9
Invocations    | |  2.8

Action                   |  1- 3 |  4- 6 || total
-------------------------+-------+-------++-------
Melee: Hand axe          |    51 |     6 ||    57
Invok: Depart the Abyss  |     1 |       ||     1
  Use: Scroll            |     3 |     2 ||     5
  Eat: Chunk             |     2 |       ||     2
Armor: Leather armour    |     8 |       ||     8
       Ring mail         |     3 |     4 ||     7
Dodge: Dodged            |    32 |     4 ||    36
